 Dungeon Crawl Stone Soup version 0.30-a0-457-g4b7bca3bfa (webtiles) character file.

Game seed: 9630267865035498194

50 McMuffin the Conjurer (level 3, -2/27 HPs)
             Began as a Demonspawn Reaver on Dec 12, 2022.
             Succumbed to Ijyb's poison
             ... on level 3 of the Dungeon.
             The game lasted 00:07:02 (2385 turns).

McMuffin the Conjurer (Demonspawn Reaver)           Turns: 2385, Time: 00:07:03

Health: -2/27      AC:  3    Str: 12    XL:     3   Next: 55%
Magic:  6/6        EV: 26    Int: 14    God:
Gold:   110        SH:  3    Dex: 13    Spells: 3/6 levels left

rFire   . . .      SeeInvis .    d - +0 long sword
rCold   . . .      Faith    .    l - +0 buckler
rNeg    . . .      Spirit   .    b - +0 leather armour
rPois   .          Reflect  .    (no helmet)
rElec   .          Harm     .    o - scarf {repulsion}
rCorr   .          Rampage  .    (no gloves)
Will    +....                    (no boots)
Stlth   +.........               h - amulet of the acrobat
HPRegen 0.24/turn                c - ring of willpower
MPRegen 0.10/turn                (no ring)

@: lethally poisoned (-2 -> -26), acrobatic, repel missiles
A: hooves 1
a: no special abilities


You were on level 3 of the Dungeon.
You visited 1 branch of the dungeon, and saw 3 of its levels.

You collected 132 gold pieces.
You spent 22 gold pieces at shops.

Inventory:

Hand Weapons
 a - a +0 falchion
 d - a +0 long sword (weapon)
Armour
 b - a +0 leather armour (worn)
 l - a +0 buckler (worn)
 o - a scarf of repulsion (worn)
Jewellery
 c - a ring of willpower (left hand)
 h - an amulet of the acrobat (around neck)
 i - a ring of fire
Scrolls
 e - a scroll of enchant weapon {unknown}
 f - a scroll of identify
 m - a scroll of amnesia {unknown}
 n - a scroll of magic mapping {unknown}
Potions
 g - a potion of berserk rage {unknown}
 j - 2 potions of mutation {unknown}
 k - a potion of brilliance {unknown}


   Skills:
 + Level 2.2 Fighting
 * Level 3.2 Long Blades
 * Level 0.7 Armour
 * Level 1.9 Dodging
 + Level 2.2 Spellcasting
 + Level 3.4 Conjurations
 + Level 0.3 Translocations


You had 3 spell levels left.
You knew the following spells:

 Your Spells              Type           Power      Damage    Failure   Level
a - Kiss of Death         Conj/Necr      24%        2d7       21%         1
b - Momentum Strike       Conj/Tloc      12%        3d8       28%         2

Your spell library contained the following spells:

 Spells                   Type           Power      Damage    Failure   Level
 Hailstorm                Conj/Ice       6%         3d4       52%         3
 Kindle Blastsparks       Fire/Tloc/Air  2%         2d10      75%         3
 Ignite Poison            Fire/Tmut/Pois 1%         N/A       77%         3
 Animate Armour           Summ/Erth      2%         N/A       99%         4
 Cause Fear               Hex            0%         N/A       99%         4
 Blade Hands              Tmut           0%         N/A       100%        5
 Freezing Cloud           Conj/Ice/Air   2%         6-21      100%        5
 Iron Shot                Conj/Erth      3%         9d2       100%        6
 Dragon Form              Tmut           0%         N/A       100%        7
 Dragon's Call            Summ           0%         N/A       100%        9


Dungeon Overview and Level Annotations

Branches:
Dungeon (3/15)

Altars:

Shops:
D:1 ?

Annotations:
D:3 Ijyb


Innate Abilities, Weirdness & Mutations

You have large cloven feet.


Message History

You finish putting on your scarf of repulsion.
You are surrounded by a repulsion field.
A ball python and an endoplasm come into view.
Found 12 gold pieces.
The endoplasm quivers.
Found 16 gold pieces.
The ball python hisses angrily.
You hit the endoplasm.
You kill the endoplasm!
You hit the ball python. Your kick misses the ball python.
The ball python is severely wounded.
You block the ball python's attack. The ball python grabs you.
The ball python constricts you.
You closely miss the ball python. You kick the ball python.
You kill the ball python!
You see here a ball python corpse.
You now have 102 gold pieces (gained 16).
Found a stone staircase leading down.
You now have 110 gold pieces (gained 8).
Ijyb the Twisted Goblin comes into view.
She is wielding a +3 dagger of venom and carrying a wand of mindburst (17).
Ijyb moves out of view.
Okay, then.
Ijyb is nearby!
You hit Ijyb but do no damage.
Ijyb hits you with a +3 dagger of venom.
You are poisoned.
You hit Ijyb but do no damage. You kick Ijyb.
Ijyb is lightly wounded.
You feel very sick.
Ijyb hits you with a +3 dagger of venom.
You are lethally poisoned!
You barely miss Ijyb.
Ijyb is lightly wounded.
You feel very sick.
Ijyb zaps a wand.
Your mind is blasted!
* * * LOW HITPOINT WARNING * * *
Ijyb hits you with a +3 dagger of venom.
* * * LOW HITPOINT WARNING * * *
You are more poisoned.
You die...

..# ..# ..## # ## ... ....
.. ..####......... ...
...#.#....... §.!.
#.g.#.....>.# §....
#..##.......# ##
≈.....##.@##....... #.
§................. ##.
8≈...........###.####.. .
≈............###......##..
≈.§...######.#.....##....#
..§............##.#...# ##
....................†###..
.............#######......
..............########....


You could see Ijyb.

Vanquished Creatures
  2 dart slugs (D:1)
  3 endoplasms
  5 giant cockroaches
  7 goblins
  4 hobgoblins
  5 quokkas
  5 ball pythons
  3 bats (D:2)
  A frilled lizard (D:2)
  6 kobolds
  2 rats (D:2)
43 creatures vanquished.

Vanquished Creatures (others)
  An adder (D:2)
  2 ball pythons (D:1)
  A bat (D:1)
  An endoplasm (D:1)
  A giant cockroach (D:1)
  2 goblins
  A hobgoblin (D:2)
  A jackal (D:2)
  A quokka (D:2)
  2 frilled lizards
  3 rats
16 creatures vanquished.

Grand Total: 59 creatures vanquished

Notes
Turn   | Place    | Note
-------+----------+-------------------------------------------
     0 | D:1      | McMuffin the Demonspawn Reaver began the quest for the Orb.
     0 | D:1      | Reached XP level 1. HP: 16/16 MP: 3/3
   269 | D:1      | Gained mutation: You have large cloven feet. [demonic
                  | ancestry]
   269 | D:1      | Reached XP level 2. HP: 21/22 MP: 5/5
   350 | D:1      | Learned a level 2 spell: Momentum Strike
   750 | D:1      | Found Zaadoj's Magic Scroll Shoppe.
   758 | D:1      | Bought a scroll of identify for 22 gold pieces
  1223 | D:2      | Reached XP level 3. HP: 27/27 MP: 6/6
  1362 | D:2      | You fall into a shaft and drop 1 floor!
  2378 | D:3      | Noticed Ijyb
  2385 | D:3      | Succumbed to Ijyb's poison

Illustrated notes

Levels and vault maps discovered:
D:1:      nzn_arrival_water_spiral, layout_loops_corners, serial_shops,
          shop_fountains
D:2:      minmay_chambers_of_ones, layout_loops_ring, grunt_decor_mini_mirrors,
          grunt_decor_clamped
D:3:      layout_rooms, demons_altar, serial_shops, shop, uniq_ijyb

Skill      XL: |  1  2 |
---------------+-------+-----
Long Blades    | 3 |  3.2
Fighting       | |  2.2
Armour         | |  0.7
Dodging        | |  1.9
Spellcasting   | |  2.2
Conjurations   | |  3.4
Translocations | |  0.3

Action                   || total
-------------------------++-------
Melee: Falchion          ||    21
       Long sword        ||    82
       Kick              ||    15
 Cast: Momentum Strike   ||    20
 Stab: Sleeping          ||     1
Armor: Leather armour    ||    30
Dodge: Dodged            ||    57
Block: Buckler           ||     4

Table legend: (Time is in decaauts)
 A = Elapsed time spent in this place.
 B = Non-inter-level travel time spent in this place.
 C = Inter-level travel time spent in this place.
 D = Time resting spent in this place.
 E = Time spent auto-exploring this place.
 F = Levels seen in this place.
 G = Mean time per level.
                   A        B        C        D        E       F      G
               +--------+--------+--------+--------+--------+-----+--------+
         Total |   2419 |   2383 |     36 |      0 |   1920 |   3 |  806.3 |
       Dungeon |   2419 |   2383 |     36 |      0 |   1920 |   3 |  806.3 |
               +--------+--------+--------+--------+--------+-----+--------+

Top non-repeatable levels by time:
     D:1: 1213 daAuts
     D:2: 1143 daAuts
     D:3: 62 daAuts
